Map: Romanticide LE

Players

Maplez

  • Race: Protoss Protoss

Vindicta - Winner!

  • Race: Terran Terran

VOD

Have the link to the VOD?

Description

Time

  • Played on: Oct. 10, 2021, 3:56 p.m.
  • Length: 19:50
Show
View Real Time Build Order
Export as new Build Order

Maplez Protoss 

Build Orders: 1 Gate Expand, Oracle Opening, Phoenix Opening, Colossus Rush 

Get SALT Encoding   

  12  0:00  Probe  
  13  0:12  Probe  
  14  0:16  Pylon  
  14  0:24  Probe (Chrono Boost)  
  16  0:36  Gateway, Probe (Chrono Boost)  
  16  0:43  Probe (Chrono Boost)  
  16  0:46  Assimilator  
  17  0:51  Probe  
  18  1:03  Probe  
  19  1:15  Probe  
  20  1:24  Cybernetics Core  
  20  1:35  Nexus  
  20  1:36  Probe  
  21  1:43  Pylon  
  21  1:51  Assimilator  
  21  1:55  Probe  
  21  1:59  Adept (Chrono Boost)  
  24  2:08  Shield Battery  
  24  2:12  Probe  
  25  2:21  Stargate  
  25  2:25  Probe  
  25  2:29  Adept (Chrono Boost)  
  26  2:35  Warp Gate  
  28  2:39  Probe (Chrono Boost)  
  29  2:47  Probe (Chrono Boost)  
  31  2:53  Adept  
  31  2:55  Probe (Chrono Boost)  
  31  2:56  Probe (Chrono Boost)  
  34  3:01  Probe (Chrono Boost)  
  34  3:02  Probe  
  34  3:04  Oracle (Chrono Boost)  
  39  3:13  Probe  
  39  3:14  Probe  
  41  3:20  Pylon  
  41  3:25  Probe  
  41  3:26  Probe  
  41  3:37  Probe  
  41  3:38  Probe  
  42  3:44  Phoenix (Chrono Boost)  
  44  3:49  Probe  
  44  3:50  Probe  
  44  3:54  Gateway  
  46  3:57  Gateway  
  46  4:01  Probe  
  48  4:02  Probe  
  48  4:05  Robotics Facility  
  48  4:10  Phoenix (Chrono Boost)  
  48  4:13  Probe  
  48  4:14  Pylon  
  51  4:25  Probe  
  51  4:27  Probe  
  53  4:37  Phoenix (Chrono Boost), Probe  
  56  4:39  Assimilator, Probe  
  56  4:41  Assimilator  
  57  4:49  Probe  
  57  4:51  Probe  
  59  4:56  Robotics Bay  
  59  5:01  Probe  
  59  5:03  Probe  
  61  5:09  Nexus  
  61  5:10  Pylon  
  61  5:12  Pylon  
  61  5:13  Observer (Chrono Boost)  
  62  5:19  Pylon  
  62  5:28  Probe x2  
  62  5:29  Phoenix (Chrono Boost)  
  62  5:30  Pylon  
  66  5:40  Adept x2, Probe  
  66  5:41  Probe  
  72  5:53  Colossus (Chrono Boost), Probe x2  
  80  5:58  Extended Thermal Lance  
  80  6:05  Probe  
  80  6:08  Twilight Council  
  80  6:10  Probe  
  82  6:12  Forge  
  82  6:15  Gateway x2  
  82  6:17  Probe  
  83  6:22  Probe x2  
  85  6:28  Zealot x3  
  85  6:29  Probe  
  92  6:34  Probe x2  
  94  6:41  Colossus (Chrono Boost), Probe  
  94  6:45  Shield Battery  
  101  6:55  Zealot x3, Shield Battery  
  101  6:57  Shield Battery  
  107  7:02  Probe  
  107  7:03  Charge (Chrono Boost)  
  107  7:06  Probe  
  107  7:07  Observer  
  109  7:13  Protoss Ground Weapons Level 1 (Chrono Boost)  
  109  7:14  Photon Cannon  
  109  7:16  Shield Battery  
  109  7:22  Observer  
  109  7:24  Assimilator x2  
  109  7:25  Pylon  
  109  7:27  Pylon  
  109  7:28  Shield Battery  
  109  7:39  Pylon  
  109  7:40  Colossus (Chrono Boost), Pylon  
  109  7:44  Probe x2  
  117  7:45  Probe  
  117  7:46  Zealot  
  117  7:47  Zealot x2  
  124  7:52  Pylon  
  124  7:57  Probe  
  124  7:58  Probe  
  124  8:01  Photon Cannon  
  124  8:03  Probe  
  124  8:04  Photon Cannon  
  126  8:06  Shield Battery  
  126  8:09  Probe  
  126  8:11  Stalker x3  
  126  8:12  Templar Archives  
  133  8:13  Pylon  
  133  8:20  Dark Shrine  
  133  8:44  Zealot x5  
  133  8:47  Probe x2  
  145  8:49  Gateway  
  145  8:53  Probe  
  145  8:54  Gateway  
  146  8:59  Probe  
  146  9:05  Pylon  
  146  9:11  Nexus  
  146  9:12  Gateway  
  146  9:14  Stalker, Gateway  
  148  9:19  Forge  
  148  9:20  Pylon  
  148  9:25  Pylon  
  148  9:28  Zealot x4, Shadow Stride (Chrono Boost)  
  156  9:37  Probe  
  156  9:38  Probe, Pylon  
  157  9:42  Probe  
  157  9:43  Robotics Facility  
  157  9:45  Pylon  
  159  9:49  Probe  
  159  9:50  Probe  
  161  9:53  Stalker x5  
  161  9:54  Probe  
  172  10:01  Probe  
  172  10:06  Protoss Ground Weapons Level 2 (Chrono Boost), Pylon  
  173  10:10  Pylon  
  173  10:20  Dark Templar x4  
  180  10:29  Dark Templar x3  
  186  10:39  Disruptor (Chrono Boost)  
  186  10:40  Dark Templar x2, Disruptor (Chrono Boost)  
  193  10:44  Pylon  
  193  10:47  Protoss Ground Armor Level 1 (Chrono Boost)  
  193  11:05  Oracle  
  193  11:08  Disruptor  
  197  11:27  Nexus  
  197  11:38  Blink (Chrono Boost)  
  193  11:40  Pylon  
  191  11:47  Gateway  
  191  11:50  Pylon  
  191  11:58  Probe  
  184  12:02  Probe  
  184  12:06  Disruptor  
  181  12:13  Zealot x4  
  181  12:14  Zealot x3  
  171  12:37  Dark Templar x9  
  166  12:45  Disruptor (Chrono Boost)  
  166  12:46  Zealot  
  155  12:59  Probe x2  
  155  13:03  Assimilator x2  
  155  13:05  Pylon  
  155  13:07  Disruptor (Chrono Boost)  
  147  13:14  Stalker x2  
  147  13:15  Stalker x6  
  147  13:21  Disruptor (Chrono Boost)  
  130  13:27  Dark Templar x3  
  130  13:30  Probe  
  137  13:38  Zealot x3  
  139  13:43  Dark Templar  
  139  13:44  Dark Templar  
  120  13:57  Dark Templar  
  120  13:58  Dark Templar  
  120  14:01  Zealot x7  
  121  14:08  Probe x2  
  113  14:20  Probe x2  
  113  14:21  Stalker  
  113  14:22  Stalker x4  
  120  14:24  Zealot  
  120  14:25  Zealot x2  
  126  14:32  Probe x2  
  126  14:37  Zealot x2  
  130  14:44  Probe  
  130  14:45  Probe  
  118  14:53  Zealot x8  
  118  14:56  Probe  
  118  14:57  Disruptor  
  132  15:00  Probe  
  132  15:06  Nexus  
  133  15:08  Probe  
  133  15:12  Probe  
  121  15:16  Pylon  
  121  15:17  Stalker  
  121  15:20  Stalker, Probe  
  125  15:24  Probe  
  126  15:32  Probe, Pylon  
  126  15:38  Observer (Chrono Boost)  
  126  15:41  Zealot x4  
  126  15:42  Zealot x4  
  142  15:45  Probe  
  142  15:48  Nexus  
  143  15:50  Pylon  
  143  15:55  Stalker x2  
  145  16:07  Zealot x4  
  145  16:08  Zealot x2  
  153  16:14  Pylon  
  151  16:22  Probe  
  139  16:33  Observer  
  139  16:37  Dark Templar x2  
  139  16:38  Probe (Chrono Boost)  
  140  16:40  Probe (Chrono Boost)  
  142  16:49  Probe (Chrono Boost)  
  142  16:50  Probe (Chrono Boost)  
  142  16:51  Assimilator  
  142  16:52  Probe (Chrono Boost), Dark Templar x2  
  148  16:57  Probe (Chrono Boost)  
  148  17:00  Observer (Chrono Boost)  
  150  17:03  Observer (Chrono Boost)  
  151  17:09  Photon Cannon  
  151  17:10  Photon Cannon, Zealot x2  
  151  17:12  Photon Cannon, Probe x2  
  151  17:13  Shield Battery  
  157  17:19  Probe  
  157  17:24  Stalker x3  
  157  17:27  Probe  
  165  17:30  Probe x2  
  165  17:36  Probe  
  165  17:39  Probe  
  165  17:42  Probe x2  
  165  17:43  Stalker x3  
  172  17:50  Dark Templar x2  
  174  17:57  Observer  
  172  18:03  Probe  
  172  18:05  Stalker x4  
  179  18:15  Dark Templar  
  174  18:26  Probe x2  
  172  18:32  Stalker x4  
  179  18:34  Probe  
  178  18:43  Probe  
  178  18:46  Probe x2  
  141  18:53  Probe  
  113  18:56  Dark Templar x2  
  116  19:03  Zealot x3  
  109  19:15  Zealot x3  
  102  19:19  Probe  
  93  19:29  Probe  
  87  19:34  Zealot  
  76  19:41  Zealot  
  76  19:42  Zealot x2  
Show
View Real Time Build Order
Export as new Build Order

Vindicta Terran - Winner!

Build Orders:  

Get SALT Encoding   

  12  0:00  SCV  
  13  0:12  SCV  
  14  0:17  Supply Depot  
  14  0:24  SCV  
  15  0:38  SCV  
  15  0:40  Barracks  
  16  0:43  Refinery  
  16  0:50  SCV  
  17  1:03  SCV  
  18  1:15  SCV  
  19  1:27  Marine  
  19  1:30  Orbital Command  
  20  1:46  Barracks Reactor  
  20  1:51  Command Center  
  20  1:55  SCV  
  20  2:01  Supply Depot  
  21  2:07  SCV  
  22  2:11  Bunker  
  22  2:20  SCV  
  23  2:23  Reaper x2  
  23  2:26  Refinery  
  25  2:32  SCV  
  26  2:40  Factory  
  26  2:44  SCV  
  27  2:54  Marine  
  27  2:55  Marine  
  27  2:56  SCV  
  30  3:02  Orbital Command  
  30  3:08  SCV  
  30  3:12  Marine x2  
  33  3:20  SCV  
  33  3:23  Widow Mine  
  36  3:27  Starport  
  36  3:30  Marine x2  
  36  3:32  SCV  
  39  3:37  SCV  
  38  3:44  SCV  
  38  3:47  Widow Mine  
  38  3:48  Marine x2  
  41  3:54  Supply Depot  
  43  3:57  SCV, Barracks  
  43  4:00  Barracks  
  43  4:02  SCV  
  45  4:10  Factory Tech Lab  
  45  4:14  Marine  
  45  4:15  Medivac  
  45  4:16  SCV x2  
  48  4:26  Marine  
  48  4:28  SCV  
  46  4:32  SCV  
  46  4:38  Marine  
  47  4:40  SCV, Factory Tech Lab  
  47  4:43  Supply Depot, Marine  
  47  4:44  SCV  
  50  4:52  SCV  
  49  4:56  Stimpack, SCV  
  49  4:58  Barracks Tech Lab  
  49  4:59  Marine, Starport Reactor  
  50  5:04  SCV  
  52  5:07  Siege Tank, Marine  
  52  5:08  SCV  
  52  5:12  Supply Depot  
  57  5:17  Engineering Bay  
  57  5:18  SCV  
  57  5:20  Combat Shield  
  57  5:21  SCV  
  59  5:22  Marine  
  60  5:28  Refinery  
  60  5:30  SCV  
  60  5:33  SCV  
  60  5:34  Marauder  
  60  5:35  Supply Depot  
  64  5:38  Marauder  
  64  5:40  Marine  
  64  5:42  SCV  
  68  5:44  Siege Tank  
  68  5:46  Terran Infantry Weapons Level 1  
  68  5:48  SCV  
  72  5:52  Marine  
  72  5:54  Marine  
  72  5:55  Supply Depot  
  74  6:00  Medivac, SCV  
  74  6:01  SCV  
  78  6:07  Refinery, Marine  
  80  6:12  Medivac  
  80  6:13  SCV  
  80  6:15  Marine  
  80  6:16  Marine  
  84  6:19  Marauder, Supply Depot  
  84  6:22  SCV  
  84  6:25  Marine  
  88  6:32  Marine  
  88  6:34  Marauder  
  88  6:39  SCV  
  93  6:40  SCV  
  93  6:43  Concussive Shells  
  93  6:45  Command Center  
  93  6:47  Marine  
  93  6:50  Siege Tank  
  93  6:52  SCV x2  
  93  6:54  Command Center  
  97  6:55  Marauder  
  97  7:00  Medivac  
  101  7:03  Medivac  
  102  7:13  Supply Depot  
  102  7:14  Supply Depot  
  102  7:16  SCV x2, Marine x2  
  102  7:17  Marauder  
  102  7:22  Supply Depot  
  110  7:35  SCV x2  
  110  7:36  Supply Depot  
  108  7:37  Siege Tank  
  108  7:44  Terran Infantry Armor Level 1, Barracks  
  111  7:45  Barracks  
  111  7:46  Marine  
  111  7:47  SCV x2  
  116  7:52  Marine  
  117  7:59  SCV x2  
  117  8:00  Ghost Academy, Viking  
  117  8:01  Viking  
  121  8:11  SCV x2  
  122  8:16  Marauder x2  
  122  8:19  Siege Tank  
  129  8:23  SCV, Orbital Command  
  129  8:25  SCV  
  131  8:30  Enhanced Shockwaves  
  131  8:33  Barracks Reactor, Barracks Tech Lab  
  128  8:35  SCV  
  128  8:37  SCV  
  126  8:47  SCV  
  127  8:49  Missile Turret x2, SCV, Ghost  
  127  8:51  SCV  
  127  8:55  Missile Turret  
  131  8:57  Refinery  
  131  8:58  Refinery  
  131  8:59  SCV, Ghost  
  132  9:04  Marine  
  132  9:05  Marauder  
  132  9:06  Viking  
  132  9:07  SCV  
  132  9:09  SCV  
  139  9:11  SCV  
  140  9:18  Ghost  
  140  9:19  SCV  
  143  9:26  Sensor Tower, Viking  
  143  9:27  SCV x2  
  145  9:31  SCV  
  145  9:34  Marine  
  145  9:37  Command Center  
  147  9:39  SCV  
  147  9:41  SCV  
  147  9:43  SCV  
  147  9:44  Viking  
  152  9:47  Marine  
  152  9:50  Missile Turret, Ghost  
  154  9:58  Ghost  
  150  10:01  Armory  
  150  10:02  Viking, Engineering Bay  
  154  10:10  Marine  
  154  10:12  Supply Depot  
  154  10:13  Supply Depot  
  155  10:17  Liberator  
  155  10:19  Bunker  
  155  10:20  Marine x2  
  160  10:23  Marauder  
  160  10:27  Orbital Command  
  160  10:28  Marauder  
  163  10:30  Orbital Command  
  163  10:31  Orbital Command  
  163  10:33  Liberator  
  163  10:34  Siege Tank  
  168  10:43  Marine x2  
  168  10:44  Marine  
  168  10:45  Supply Depot  
  168  10:46  Supply Depot  
  169  10:57  Marine x2  
  169  10:58  Marauder x2  
  169  11:01  Marine  
  169  11:03  Viking  
  178  11:06  Terran Infantry Weapons Level 2, Siege Tank  
  178  11:10  SCV  
  182  11:13  SCV x2  
  182  11:17  Missile Turret  
  184  11:18  Marine x3  
  184  11:20  Liberator  
  184  11:22  Planetary Fortress  
  190  11:27  Marine  
  190  11:28  Marauder  
  192  11:37  Starport  
  192  11:38  Terran Infantry Armor Level 2, Refinery x2  
  192  11:39  Marine x3  
  194  11:42  SCV x2  
  194  11:46  Marauder, Marine x2  
  199  12:05  Marauder, Marine  
  200  12:15  Marine  
  197  12:16  Marauder  
  197  12:22  Marauder, Marine x3  
  190  12:24  Liberator x2  
  190  12:25  Missile Turret  
  190  12:27  Marauder  
  184  12:33  Viking, Marine  
  184  12:37  Marauder, SCV  
  181  12:39  SCV x2  
  181  12:40  Marine x3  
  188  12:48  SCV  
  188  12:53  Marine  
  188  12:57  SCV, Marine  
  188  12:58  Siege Tank, Marine x2  
  191  13:03  Viking  
  188  13:07  Liberator x2  
  188  13:09  Command Center  
  188  13:12  Marine  
  195  13:13  Marauder, Marine  
  195  13:15  SCV  
  195  13:19  Marine  
  175  13:27  Marine x2  
  175  13:30  Siege Tank  
  175  13:31  Marauder  
  175  13:33  Viking  
  178  13:36  Ghost  
  178  13:37  Marine x2  
  178  13:38  Marauder  
  179  13:45  Marine x2  
  179  13:49  Liberator, Viking  
  179  13:53  Marauder, SCV  
  179  13:55  Marine x2  
  174  13:56  SCV  
  174  13:58  SCV x2  
  174  13:59  Marauder  
  162  14:03  Marine x2  
  162  14:04  Ghost  
  162  14:05  SCV  
  162  14:09  SCV  
  161  14:13  Marine x2  
  165  14:18  SCV  
  165  14:19  Liberator  
  157  14:26  Marauder x2, Marine x2  
  157  14:29  Sensor Tower  
  157  14:30  SCV x2  
  157  14:31  Marine x2  
  163  14:34  Marauder  
  163  14:36  Terran Infantry Weapons Level 3  
  160  14:40  Terran Infantry Armor Level 3  
  160  14:43  SCV  
  160  14:44  Marine x2  
  161  14:47  Marine x2  
  145  14:53  Siege Tank  
  145  14:54  Ghost  
  145  14:57  Marine x2  
  149  15:00  Planetary Fortress  
  149  15:01  SCV x2  
  149  15:04  Marine  
  149  15:05  SCV x2  
  156  15:08  Marine  
  156  15:13  SCV  
  138  15:15  Marine x2  
  138  15:20  Medivac x2  
  138  15:23  Barracks  
  138  15:24  Marine x2  
  138  15:26  Barracks  
  138  15:27  Marine  
  141  15:29  Marauder, Marine  
  141  15:33  Marine x2  
  141  15:34  Unknown  
  141  15:40  Missile Turret  
  141  15:42  Marine x2  
  139  15:45  Marine  
  139  15:46  SCV  
  139  15:47  Marauder  
  144  15:50  Marine  
  144  15:51  Marine  
  144  15:53  Liberator x2  
  144  15:55  Marine  
  144  15:56  SCV  
  154  15:57  SCV, Fusion Core  
  154  15:59  Marine  
  154  16:01  Marauder  
  154  16:03  Marine  
  154  16:08  Ghost  
  154  16:09  Marauder, Marine  
  154  16:11  Liberator  
  158  16:14  Marine  
  158  16:15  Marine  
  158  16:16  Marine  
  162  16:22  Marauder  
  157  16:30  Marauder, Marine x3  
  157  16:32  Marine  
  152  16:36  Liberator  
  152  16:37  Liberator, SCV  
  152  16:39  Personal Cloaking  
  160  16:42  Ghost Academy  
  160  16:43  Ghost Academy  
  160  16:44  Advanced Ballistics  
  160  16:45  Ghost Academy  
  158  16:48  Barracks Tech Lab x2, Ghost x2  
  158  16:52  Ghost  
  162  17:03  Liberator  
  165  17:08  Terran Ship Weapons Level 1, Ghost  
  165  17:09  Ghost  
  165  17:10  Marine  
  165  17:11  Marine x2  
  165  17:12  Marine  
  165  17:14  Nuke x3  
  173  17:16  Neosteel Armor  
  173  17:18  Marine x2  
  173  17:21  Ghost  
  177  17:27  Marine  
  177  17:29  Marine x2  
  177  17:30  Marine  
  177  17:35  Missile Turret, Marine x2  
  180  17:37  Liberator, Marine  
  180  17:39  Marine  
  180  17:42  Orbital Command  
  182  17:45  Marine  
  182  17:46  Liberator  
  182  17:47  Marine x2  
  182  17:48  Marine  
  182  17:50  Marauder  
  191  17:53  Marine  
  191  17:54  Marauder, Starport Reactor  
  191  17:55  Hi-Sec Auto Tracking  
  191  17:56  Marauder  
  191  18:04  Nuke  
  191  18:05  Orbital Command  
  186  18:10  Ghost, Marine  
  186  18:11  Ghost  
  191  18:14  Marine x2  
  191  18:18  Ghost  
  193  18:20  Liberator  
  193  18:21  Marine, Ghost  
  193  18:24  Nuke x2  
  193  18:26  Refinery  
  192  18:27  Refinery  
  192  18:28  Marine  
  192  18:29  Liberator  
  195  18:35  Nuke  
  195  18:37  Marine x2  
  195  18:40  Marauder  
  199  18:42  Marine  
  199  18:43  Marine x2  
  199  18:46  Marine  
  199  18:47  Marauder  
  195  18:50  Marine  
  195  18:51  Liberator  
  195  18:52  Liberator  
  195  18:54  Marine x2  
  174  18:59  Marine  
  174  19:01  Marauder, Marine x2  
  174  19:02  Liberator  
  174  19:04  Marine  
  174  19:06  SCV  
  174  19:07  Marine  
  174  19:08  Marine  
  176  19:15  Marine  
  169  19:19  Marauder  
  169  19:20  Marauder, Marine x2  
  169  19:22  Marine  
  169  19:23  Marauder  
  174  19:26  Marauder, Marine  
  177  19:37  SCV x3  
  177  19:38  SCV  
Tags
 
Add a new tag
Caveats
  • Supply blocks, unpowered buildings, or Contaminate may cause inaccurate times.
  • Supply counts are checked every 10 seconds.